 Dungeon Crawl Stone Soup version 0.22-a0-247-gbddf880 (webtiles) character file.

275 4thArraOfDagon the Sneak (level 6, 0/26 HPs)
             Began as a Felid Transmuter on Feb 27, 2018.
             Was a Follower of Cheibriados.
             Shot with an arrow by a centaur (15 damage)
             ... on level 6 of the Dungeon.
             The game lasted 00:11:13 (2356 turns).

4thArraOfDagon the Sneak (Felid Transmuter)         Turns: 2356, Time: 00:11:14

Health: 0/26       AC:  2    Str:  8    XL:     6   Next: 3%
Magic:  8/11       EV: 23    Int: 19    God:    Cheibriados [*.....]
Gold:   195        SH:  0    Dex: 23    Spells: 5/11 levels left
                                        Lives:  0   Deaths: 1

rFire    . . .     SeeInvis +     - Unarmed
rCold    . . .     Gourm    .   (shield unavailable)
rNeg     . . .     Faith    .   (armour unavailable)
rPois    x         Spirit   .   (helmet unavailable)
rElec    .         Reflect  .   (cloak unavailable)
rCorr    .         Harm     .   (gloves unavailable)
MR       .....                  (boots unavailable)
Stlth    ++++......             o - amulet of the acrobat
HPRegen  0.08/turn              f - ring of stealth
MPRegen  0.12/turn              (no ring)

@: spider-form, very slow
A: tiny, no armour, no weapons or thrown items, stealth, see invisible,
carnivore, slow metabolism 1
a: End Transformation, Bend Time, Renounce Religion


You were on level 6 of the Dungeon.
You worshipped Cheibriados.
Cheibriados was aware of your devotion.
You were not hungry.
You were a venomous arachnid creature.
You visited 2 branches of the dungeon, and saw 7 of its levels.

You collected 195 gold pieces.

Inventory:

Missiles
 a - 39 arrows
Jewellery
 f - a ring of stealth (left front leg)
 o - an amulet of the acrobat (around neck)
Scrolls
 e - 3 scrolls of remove curse {unknown}
 g - a scroll of magic mapping
 h - a scroll of blinking {unknown}
 j - 2 scrolls of fog {unknown}
 k - a scroll of fear {unknown}
 l - 2 scrolls of immolation
 m - a scroll of enchant armour {unknown}
 n - a scroll of amnesia {unknown}
 p - a scroll of teleportation {unknown}
Potions
 c - a potion of flight
 d - 2 potions of curing
 i - a potion of resistance
 q - 2 potions of heal wounds
Comestibles
 b - 8 rations


   Skills:
 + Level 1.7 Fighting
 + Level 4.3 Dodging
 * Level 5.0 Stealth
 * Level 4.8 Unarmed Combat
 + Level 3.0 Spellcasting
 + Level 3.6 Transmutations


You had 5 spell levels left.
You knew the following spells:

 Your Spells              Type           Power        Failure   Level  Hunger
a - Beastly Appendage     Tmut           ###...       11%         1    None
b - Sticks to Snakes      Tmut           ###.....     14%         2    ##.....
c - Spider Form           Tmut/Pois      #.........   43%         3    ###....


Dungeon Overview and Level Annotations

Branches:
Dungeon (6/15)             Temple (1/1) D:4

Altars:
Cheibriados
Dithmenos
Hepliaklqana
Nemelex Xobeh
Okawaru
Ru
Trog
Wu Jian
Zin
The Shining One

Annotations:
D:4 Grinder
D:5 Dowan


Innate Abilities, Weirdness & Mutations

You cannot wear armour.
You are incapable of wielding weapons or throwing items.
Your paws allow you to move quietly. (Stealth)
((You have sharp claws.))
((You have razor-sharp teeth.))
You have supernaturally acute eyesight. (SInv)
You are carnivorous and can eat meat at any time.
((You cover ground quickly.))
((You are covered in thick fur. (AC +2)))
You have a slow metabolism.
((Your sharp claws are effective at attacking unaware monsters.))


Message History

A worker ant comes into view.
The jackal barks!
The worker ant twitches its antennae in your direction.
You hear a bark!
The jackal barks!
You hear a bark!
You hear an angry hiss.
An adder comes into view.
Unknown command.
Okay, then.
Okay, then.
Unknown command.
Casting: Spider Form (safe; 22% risk of failure)
Confirm with . or Enter, or press ? or * to list all spells.
You turn into a venomous arachnid creature.
The centaur wields a shortbow.
The centaur shoots an arrow.
The arrow hits you! The jackal closely misses you.
A jackal comes into view.
Unknown command.
Unknown command.
The centaur shoots an arrow.
The arrow hits you!
Ouch! That really hurt!
You die...

######.#####
#..........#
#..........#
#c......?..#
#..........#
#....(.....#
#........[.#
#....s.<...#
#.|...(h...#
######.#####


hha ..... ....... ####S#### #.. ... You could see a centaur, a worker ant, an
adder and 2 jackals.

Vanquished Creatures
  An orc warrior (D:4)
  2 ogres (D:4)
  A bullfrog skeleton (D:5)
  An orc wizard (D:3)
  2 worker ants (D:5)
  2 hound skeletons
  An adder (D:3)
  2 dart slugs
  4 leopard geckos
  8 orcs
  A giant cockroach (D:1)
  7 goblins
  6 hobgoblins
  4 jackals (D:5)
  A quokka (D:3)
  A ball python (D:1)
  6 bats
  5 frilled lizards
  6 kobolds
  A leopard gecko skeleton (D:4)
  2 rats
64 creatures vanquished.

Vanquished Creatures (collateral kills)
  An orc wizard (D:3)
  A worm (D:2)
  An orc (D:3)
  A bat (D:2)
  A kobold (D:3)
  A rat (D:3)
6 creatures vanquished.

Grand Total: 70 creatures vanquished

Notes
Turn   | Place    | Note
-------+----------+-------------------------------------------
     0 | D:1      | 4thArraOfDagon the Felid Transmuter began the quest for the Orb.
     0 | D:1      | Reached XP level 1. HP: 9/9 MP: 4/4
    19 | D:1      | Reached skill level 1 in Stealth
   145 | D:3      | Reached XP level 2. HP: 8/12 MP: 4/6
   157 | D:3      | Learned a level 2 spell: Sticks to Snakes
   515 | D:3      | Reached skill level 2 in Stealth
   515 | D:3      | Reached XP level 3. HP: 7/15 MP: 1/7
   579 | D:3      | Learned a level 3 spell: Spider Form
  1077 | D:3      | Reached XP level 4. HP: 9/19 MP: 8/8
  1190 | D:3      | Found an ornate altar of the Wu Jian Council.
  1286 | D:4      | Noticed an orc warrior
  1310 | D:4      | Killed an orc warrior
  1310 | D:4      | Reached skill level 3 in Stealth
  1310 | D:4      | Reached XP level 5. HP: 17/22 MP: 2/9
  1343 | D:4      | Noticed an ogre
  1356 | D:4      | Killed an ogre
  1356 | D:4      | Reached skill level 4 in Stealth
  1356 | D:4      | Gained mutation: You are covered in thick fur. (AC +2) [Felid growth]
  1356 | D:4      | Reached XP level 6. HP: 14/25 MP: 3/11
  1491 | D:4      | Found a staircase to the Ecumenical Temple.
  1496 | Temple   | Entered the Ecumenical Temple
  1519 | Temple   | Became a worshipper of Cheibriados the Contemplative
  1709 | D:4      | Noticed Grinder
  1871 | D:5      | Entered Level 5 of the Dungeon
  1875 | D:5      | Noticed Dowan
  2052 | D:5      | Noticed an orc warrior
  2065 | D:5      | HP: 1/25 [orc warrior/hand axe (13)]
  2065 | D:5      | Demolished by an orc warrior
  2066 | D:5      | Reached XP level 5. HP: -14/22 MP: 5/10
  2144 | D:5      | Reached skill level 5 in Stealth
  2144 | D:5      | Reached XP level 6. HP: 5/26 MP: 7/11
  2148 | D:5      | Reached * piety under Cheibriados
  2356 | D:6      | Shot with an arrow by a centaur

Vault maps used:
D:1:      minmay_arrival_glassed_features
D:3:      nicolae_overflow_crystal_walls
D:4:      minmay_temple_entry_nine_rooms, first_ration, uniq_grinder
D:5:      uniq_duvessa
D:6:      trog_three_pillars_becter
Temple:   regret_index_temple_mists

Skill      XL: |  1  2  3  4  5  6 |
---------------+-------------------+-----
Stealth        | 1 2 3 5 |  5.0
Dodging        | 3 4 |  4.3
Unarmed Combat | 4 |  4.8
Transmutations | 3 |  3.6
Spellcasting   | 3 |  3.0
Fighting       | |  1.7

Action                   |  1- 3 |  4- 6 || total
-------------------------+-------+-------++-------
Melee: Unarmed           |    87 |    89 ||   176
       Bite              |     5 |     3 ||     8
       Headbutt          |     4 |       ||     4
       Punch             |       |     1 ||     1
 Cast: Beastly Appendage |     5 |       ||     5
       Sticks to Snakes  |    11 |     2 ||    13
       Spider Form       |     2 |    11 ||    13
  Use: Potion            |     1 |     1 ||     2
       Scroll            |     4 |     3 ||     7
 Stab: Sleeping          |     6 |     6 ||    12
  Eat: Chunk             |     8 |     1 ||     9
Armor: Skin              |     6 |     4 ||    10
Dodge: Dodged            |    63 |    69 ||   132

Table legend:
 A = Spawn XP
 B = Non-spawn XP
 C = Spawn XP percentage of total XP
 D = Spawn monster count
 E = Non-spawn monster count
 F = Spawn count percentage of total count
 G = Total turns spent on level
                    A         B        C        D         E        F      G
               +---------+---------+-------+---------+---------+-------+---------
         Total |       0 |     698 |   0.0 |       0 |      70 |   0.0 |  2356
               +---------+---------+-------+---------+---------+-------+---------
           D:1 |       0 |      29 |   0.0 |       0 |      16 |   0.0 |   344
           D:2 |       0 |      23 |   0.0 |       0 |      13 |   0.0 |   365
           D:3 |       0 |      96 |   0.0 |       0 |      20 |   0.0 |   653
           D:4 |       0 |     411 |   0.0 |       0 |      11 |   0.0 |   464
           D:5 |       0 |     139 |   0.0 |       0 |      10 |   0.0 |   482
               +---------+---------+-------+---------+---------+-------+---------
